 Dungeon Crawl Stone Soup version 0.30-a0-414-gcb316572d5 (webtiles) character file.

Game seed: 361064919324990906

1313 IdlyInterested the Trooper (level 8, -2/68 HPs)
             Began as a Demonspawn Wanderer on Dec 2, 2022.
             Slain by a manticore (15 damage)
             ... on level 6 of the Dungeon on Dec 7, 2022.
             The game lasted 00:22:57 (5977 turns).

IdlyInterested the Trooper (Demonspawn Wanderer)    Turns: 5977, Time: 00:22:57

Health: -2/68      AC: 20    Str: 13    XL:     8   Next: 32%
Magic:  12/12      EV: 12    Int: 11    God:
Gold:   256        SH:  5    Dex: 15    Spells: 12/13 levels left

rFire   + . .      SeeInvis .    a - +3 falchion (protect)
rCold   . . .      Faith    .    (no shield)
rNeg    . . .      Spirit   .    d - +3 leather armour
rPois   +          Reflect  +    q - +0 helmet
rElec   .          Harm     .    b - +0 cloak
rCorr   .          Rampage  .    (no gloves)
Will    .....                    g - +0 pair of boots
Stlth   ++........               k - amulet of reflection
HPRegen 0.31/turn                c - ring "Roblotuv" {Wiz rF+ Stlth+}
MPRegen 0.13/turn                (no ring)

@: spiked, under a protective aura, unable to drink
A: slimy green scales 3, powered by death 1, powered by pain 1, dopey 1,
inability to drink after injury 1
a: no special abilities


You were on level 6 of the Dungeon.
You visited 1 branch of the dungeon, and saw 6 of its levels.

You collected 256 gold pieces.

Inventory:

Hand Weapons
 a - a +3 falchion of protection (weapon)
 f - a +0 short sword
Missiles
 e - 7 poisoned darts (quivered)
 l - 4 boomerangs
 n - 22 stones
Armour
 b - a +0 cloak (worn)
 d - a +3 leather armour (worn)
 g - a +0 pair of boots (worn)
 q - a +0 helmet (worn)
Jewellery
 c - the ring "Roblotuv" (left hand) {Wiz rF+ Stlth+}
   (You acquired it on level 4 of the Dungeon)

   [ring of wizardry]

   It improves your spell success rate.
   rF:        It protects you from fire.
   Stlth:     It makes you more stealthy.
 k - an amulet of reflection (around neck)
 x - a ring of ice
 A - a ring of fire
Wands
 j - a wand of roots (4)
Scrolls
 h - 3 scrolls of brand weapon
 i - a scroll of teleportation
 r - a scroll of vulnerability
 s - a scroll of enchant weapon
 u - a scroll of fear
 w - 3 scrolls of identify
Potions
 m - 2 potions of resistance
 o - 2 potions of heal wounds
 p - a potion of brilliance
 t - a potion of invisibility
 v - 3 potions of curing
 z - a potion of ambrosia


   Skills:
 + Level 7.7 Fighting
 * Level 4.2 Long Blades
 - Level 3.0 Throwing
 - Level 1.0 Armour
 - Level 3.0 Dodging
 - Level 1.0 Stealth
 - Level 3.0 Spellcasting
 - Level 1.0 Summonings


You had 12 spell levels left.
You knew the following spells:

 Your Spells              Type           Power      Damage    Failure   Level
a - Summon Small Mammal   Summ           12%        N/A       9%          1

Your spell library contained the following spells:

 Spells                   Type           Power      Damage    Failure   Level
 Necrotise                Necr           4%         1d4       13%         1
 Cigotuvi's Dreadful Rot  Necr/Pois/Air  2%         N/A       21%         2
 Poisonous Vapours        Pois/Air       2%         N/A       21%         2
 Summon Guardian Golem    Hex/Summ       2%         N/A       32%         3
 Mephitic Cloud           Conj/Pois/Air  1%         N/A       36%         3
 Vampiric Draining        Necr           1%         2d6       36%         3
 Agony                    Necr           1%         N/A       97%         5


Dungeon Overview and Level Annotations

Branches:
Dungeon (6/15)
 Temple: D:4-7

Altars:
Ashenzari
Dithmenos
Makhleb
Uskayaw

Shops:
D:2 (   D:5 :


Innate Abilities, Weirdness & Mutations

You are completely covered in slimy green scales. (AC +4, rPois)
You regenerate a little health from kills.
You sometimes gain a little power by taking damage.
You are dopey. (Int -2)
You occasionally lose the ability to drink potions when taking damage.


Message History

You throw a poisoned dart. The poisoned dart hits the manticore.
The manticore flicks its tail.
The volley of spikes hits you!
The barbed spikes become lodged in your body.
You feel threatened and lose the ability to drink potions!
You cannot drink potions in your current state!
The barbs in your skin will harm you if you move.
Continue?
Okay, then.
Aiming: Fastroot
Press: ? - help, Shift-Dir - straight line, f/p - manticore
Aim: a manticore (lightly wounded, extremely poisoned)
The roots erupt in riotous growth!
Roots grab the manticore.
The grasping roots constrict the manticore.
The manticore struggles to escape constriction.
Throw: 8 darts (poison)
Press: ? - help, Q - select action, (/) - cycle Shift-Dir - straight line, f/p - manticore
Aim: a manticore (moderately wounded, extremely poisoned, constricted by roots, 94% to hit)
You throw a poisoned dart. The poisoned dart hits the manticore.
The manticore is moderately wounded.
The grasping roots constrict the manticore.
The roots release their grip on the manticore.
You hit the manticore.
Your weapon exudes an aura of protection.
The manticore is heavily wounded.
The manticore barely misses you. The manticore misses you. x2
You hit the manticore.
The manticore is severely wounded.
The manticore bites you!
* * * LOW HITPOINT WARNING * * *
The manticore barely misses you.
The manticore claws you but does no damage.
You hit the manticore but do no damage.
The manticore is severely wounded.
The manticore bites you but does no damage.
The manticore barely misses you. You block the manticore's attack.
You hit the manticore.
The manticore is severely wounded.
The manticore bites you!
You die...

#.# #.# #.# #.#
####.### #..
.......##.# ###
####.#.##.# #.#.##.#
##.#.##.#
###.....#.###########
>............##.@H((#
###.#...#.####..###$.#
#.##.#...###.8#?#8.# #
#..#.#.##'##?# +# #
###....'..)#)#
#...###.###8..#!+
#....# ##'##)# #.##.#
#†8#$# # #.# #..###.


You could see a manticore (very poisoned).

Vanquished Creatures
  Grinder (D:5)
  The ghost of NinjaNoafa the Chopper, an amateur MiFi (D:3)
  An ogre (D:5)
  A centaur (D:5)
  2 phantoms (D:5)
  A bullfrog (D:5)
  3 scorpions (D:5)
  2 orc priests (D:4)
  3 jellies
  2 hounds
  2 iguanas
  Ijyb (D:5)
  A scorpion simulacrum (D:3)
  Robin (D:2)
  2 adders
  A white imp (D:3)
  An ufetubus (D:5)
  A worm (D:4)
  3 dart slugs
  18 orcs
  5 ball pythons
  3 bats
  4 endoplasms
  4 giant cockroaches (D:2)
  15 goblins
  8 hobgoblins
  8 jackals
  5 quokkas
  A ball python simulacrum (D:3)
  7 frilled lizards
  A jackal simulacrum (D:3)
  6 kobolds
  4 rats
119 creatures vanquished.

Notes
Turn   | Place    | Note
-------+----------+-------------------------------------------
     0 | D:1      | IdlyInterested the Demonspawn Wanderer began the quest for
                  | the Orb.
     0 | D:1      | IdlyInterested set off with the following items: a +2
                  | falchion, a +0 cloak, a potion of haste, a +0 robe; and the
                  | following spell memorised: Summon Small Mammal; and the
                  | following spells available to memorise: Summon Guardian
                  | Golem.
     0 | D:1      | Reached XP level 1. HP: 15/15 MP: 2/2
    87 | D:1      | Gained mutation: You sometimes gain a little power by
                  | taking damage. [demonic ancestry]
    87 | D:1      | Reached XP level 2. HP: 9/21 MP: 3/3
   157 | D:1      | Reached skill level 1 in Armour
   259 | D:1      | Found a faded altar of an unknown god.
   674 | D:1      | Gained mutation: You are partially covered in slimy green
                  | scales. (AC +2) [demonic ancestry]
   674 | D:1      | Reached XP level 3. HP: 27/27 MP: 4/4
  1068 | D:2      | Upgraded the game from 0.30-a0-385-gfebfb9b408 to
                  | 0.30-a0-414-gcb316572d5
  1159 | D:2      | Noticed Robin
  1180 | D:2      | Killed Robin
  1187 | D:2      | Reached skill level 2 in Fighting
  1337 | D:2      | Gained mutation: You are mostly covered in slimy green
                  | scales. (AC +3) [demonic ancestry]
  1337 | D:2      | Reached XP level 4. HP: 31/33 MP: 5/5
  1732 | D:2      | Found Gowenusapn's Antique Weapon Boutique.
  2159 | D:3      | Found a runed translucent gate.
  2159 | D:3      | Found a runed translucent gate.
  2162 | D:3      | Found a runed translucent gate.
  2467 | D:3      | Noticed a +0 dagger
  2467 | D:3      | Noticed a +0 dagger
  2468 | D:3      | Found a hide-covered altar of Uskayaw.
  2807 | D:3      | Noticed NinjaNoafa's ghost (amateur MiFi)
  2811 | D:3      | Gained mutation: You expend magic power (3 MP) to
                  | strengthen your wands. [potion of mutation]
  2811 | D:3      | Gained mutation: Your body sometimes deteriorates upon
                  | taking damage. [potion of mutation]
  2861 | D:3      | Killed NinjaNoafa's ghost
  2862 | D:3      | Reached skill level 3 in Fighting
  2862 | D:3      | Reached XP level 5. HP: 31/41 MP: 6/6
  3150 | D:4      | Reached skill level 4 in Fighting
  3266 | D:4      | Identified a scroll of acquirement
  3266 | D:4      | Acquired the ring "Roblotuv" {Wiz rF+ Stlth+}
  3475 | D:4      | Lost mutation: You expend magic power (3 MP) to strengthen
                  | your wands. [potion of mutation]
  3475 | D:4      | Lost mutation: Your body sometimes deteriorates upon taking
                  | damage. [potion of mutation]
  3475 | D:4      | Gained mutation: You are weak. (Str -2) [potion of
                  | mutation]
  3475 | D:4      | Gained mutation: You occasionally lose the ability to drink
                  | potions when taking damage. [potion of mutation]
  3475 | D:4      | Gained mutation: You are frail. (-10% HP) [potion of
                  | mutation]
  3475 | D:4      | Gained mutation: You are agile. (Dex +4, Str/Int -1)
                  | [potion of mutation]
  3476 | D:4      | Lost mutation: You are agile. (Dex +4, Str/Int -1) [potion
                  | of mutation]
  3476 | D:4      | Lost mutation: You are frail. (-10% HP) [potion of
                  | mutation]
  3476 | D:4      | Lost mutation: You are weak. (Str -2) [potion of mutation]
  3476 | D:4      | Gained mutation: You are dopey. (Int -2) [potion of
                  | mutation]
  3641 | D:4      | Gained mutation: You are completely covered in slimy green
                  | scales. (AC +4, rPois) [demonic ancestry]
  3641 | D:4      | Reached XP level 6. HP: 16/48 MP: 7/7
  3897 | D:4      | Found a broken altar of Ashenzari.
  4209 | D:4      | Found a shadowy altar of Dithmenos.
  4236 | D:5      | Entered Level 5 of the Dungeon
  4501 | D:5      | Reached skill level 5 in Fighting
  4509 | D:5      | Reached XP level 7. HP: 41/56 MP: 8/10
  4649 | D:5      | Reached skill level 6 in Fighting
  4775 | D:5      | Found a burning altar of Makhleb.
  4884 | D:5      | Found Joeraw's Book Shop.
  5036 | D:5      | Reached skill level 7 in Fighting
  5281 | D:5      | Gained mutation: You regenerate a little health from kills.
                  | [demonic ancestry]
  5281 | D:5      | Reached XP level 8. HP: 55/67 MP: 12/12
  5477 | D:5      | Noticed Ijyb
  5486 | D:5      | Noticed Grinder
  5496 | D:5      | Killed Ijyb
  5501 | D:5      | Paralysed by Grinder for 3 turns
  5509 | D:5      | Killed Grinder
  5922 | D:6      | Noticed a manticore
  5977 | D:6      | Slain by a manticore

Illustrated notes

Levels and vault maps discovered:
D:1:      matt_arrival_refuge, layout_basic, basic_ecumenical_altar
D:2:      layout_loops_ring, serial_shops, shop, minmay_worlds_worst_comb,
          uniq_robin
D:3:      layout_loops_cross, dancing_weapons_uskayaw,
          nicolae_tso_carved_into_rock, gammafunk_ghost_icy
D:4:      layout_loops_cross, nicolae_ashenzari_skybound, general_overflow_altar
D:5:      minmay_recursive_quarters, layout_loops_ring, lemuel_tele_altar,
          serial_shops, nicolae_shop_statue_plus, uniq_grinder, uniq_ijyb
D:6:      minmay_chambers_of_sixes, layout_loops_ring, uniq_eustachio

Skill      XL: |  1  2  3  4  5  6  7  8 |
---------------+-------------------------+-----
Dodging        | 2 3 |  3.0
Armour         | 1 |  1.0
Long Blades    | 3 4 |  4.2
Fighting       | 2 3 4 5 7 |  7.7
Throwing       | 2 3 |  3.0
Spellcasting   | 2 3 |  3.0
Stealth        | |  1.0
Summonings     | |  1.0

Action                   |  1- 3 |  4- 6 |  7- 9 || total
-------------------------+-------+-------+-------++-------
Melee: Falchion          |   107 |   216 |   141 ||   464
       Punch             |     1 |     5 |     5 ||    11
Throw: Stone             |     8 |       |       ||     8
       Dart              |     3 |     4 |     6 ||    13
       Boomerang         |       |     1 |       ||     1
 Cast: Summon Small Mamm |     6 |       |       ||     6
Evoke: Wand              |       |       |     1 ||     1
  Use: Scroll            |     2 |    11 |     1 ||    14
       Potion            |       |     8 |     1 ||     9
 Stab: Sleeping          |     3 |     5 |     4 ||    12
Armor: Robe              |    28 |    36 |       ||    64
       Leather armour    |       |    41 |    72 ||   113
Dodge: Dodged            |    54 |   149 |    75 ||   278
Block: Other             |    18 |    51 |    37 ||   106

Table legend: (Time is in decaauts)
 A = Elapsed time spent in this place.
 B = Non-inter-level travel time spent in this place.
 C = Inter-level travel time spent in this place.
 D = Time resting spent in this place.
 E = Time spent auto-exploring this place.
 F = Levels seen in this place.
 G = Mean time per level.
                   A        B        C        D        E       F      G
               +--------+--------+--------+--------+--------+-----+--------+
         Total |   6029 |   5094 |    935 |    488 |   3040 |   6 | 1004.8 |
       Dungeon |   6029 |   5094 |    935 |    488 |   3040 |   6 | 1004.8 |
               +--------+--------+--------+--------+--------+-----+--------+

Top non-repeatable levels by time:
     D:5: 1378 daAuts
     D:4: 1357 daAuts
     D:3: 1080 daAuts
     D:1: 1061 daAuts
     D:2: 1027 daAuts
     D:6: 124 daAuts
